 Dungeon Crawl Stone Soup version 0.24.1-14-gf8d2b509d9 (webtiles) character file.

Game seed: 5745554507062466743, levelgen mode: deterministic

12 mortelune the Magician (level 2, -1/24 HPs)
             Began as a Naga Wizard on May 23, 2020.
             Slain by a hobgoblin
             ... wielding a +0 club
              (4 damage)
             ... on level 1 of the Dungeon.
             The game lasted 00:01:14 (463 turns).

mortelune the Magician (Naga Wizard)                 Turns: 463, Time: 00:01:15

Health: -1/24      AC:  2    Str:  9    XL:     2   Next: 33%
Magic:  1/6        EV: 10    Int: 18    God:
Gold:   13         SH:  0    Dex:  9    Spells: 4/7 levels left

rFire    + . .     SeeInvis +   (no weapon)
rCold    x . .     Gourm    .   (no shield)
rNeg     . . .     Faith    .   a - +0 robe
rPois    +         Spirit   .   b - +0 hat
rElec    .         Reflect  .   g - +0 cloak
rCorr    .         Harm     .   (no gloves)
MR       .....                  (no barding)
Stlth    ++........             (no amulet)
HPRegen  0.08/turn              e - ring of fire
MPRegen  0.10/turn              (no ring)

@: very slightly contaminated, very slow
A: large, see invisible, deformed body, poison resistance, slowness 2, slow
metabolism 1, spit poison 1, AC +0
a: Spit Poison


You were on level 1 of the Dungeon.
You were not hungry.

You visited 1 branch of the dungeon, and saw 1 of its levels.

You collected 13 gold pieces.

Inventory:

Armour
 a - a +0 robe (worn)
 b - a +0 hat (worn)
 g - a +0 cloak (worn)
Jewellery
 e - a ring of fire (left hand)
Scrolls
 c - a scroll of identify {unknown}
Potions
 f - a potion of curing {unknown}
Comestibles
 d - a ration
 h - 2 chunks of flesh


   Skills:
 + Level 0.7 Fighting
 - Level 1.5 Dodging
 - Level 3.0 Stealth
 + Level 3.1 Spellcasting
 * Level 1.7 Conjurations
 - Level 1.0 Summonings
   Level 1.0 Translocations


You had 4 spell levels left.
You knew the following spells:

 Your Spells              Type           Power        Failure   Level  Hunger
a - Magic Dart            Conj           #...         8%          1    None
b - Call Imp              Summ           #.......     16%         2    ##.....

Your spell library contained the following spells:

 Spells                   Type           Power        Failure   Level  Hunger
 Blink                    Tloc           N/A          16%         2    ##.....
 Slow                     Hex            #.......     24%         2    ##.....
 Conjure Flame            Conj/Fire      #.......     32%         3    ###....
 Mephitic Cloud           Conj/Pois/Air  #.......     36%         3    ###....


Dungeon Overview and Level Annotations

Branches:
Dungeon (1/15)

Altars:


Innate Abilities, Weirdness & Mutations

You cannot wear boots.
Your serpentine skin is tough. (AC +0)
You have supernaturally acute eyesight. (SInv)
Armour fits poorly on your strangely shaped body.
Your system is resistant to poisons. (rPois)
You cover ground very slowly.
You have a slow metabolism.
You can spit poison.


Message History

The magic dart hits the hobgoblin.
The hobgoblin is lightly wounded.
The hobgoblin hits you with a +0 club. The hobgoblin hits you with a +0 club.
The hobgoblin misses you.
Your crimson imp hits the hobgoblin.
You barely miss the hobgoblin.
The hobgoblin is almost dead.
The hobgoblin hits you with a +0 club.
The dart slug bites your crimson imp but does no damage.
Your crimson imp hits the dart slug.
You hit the hobgoblin but do no damage.
The hobgoblin is almost dead.
The hobgoblin hits you with a +0 club.
* * * LOW HITPOINT WARNING * * *
The hobgoblin hits you with a +0 club.
* * * LOW HITPOINT WARNING * * *
Your crimson imp hits the dart slug but does no damage.
The dart slug bites your crimson imp.
Your crimson imp hits the dart slug.
The hobgoblin hits you with a +0 club.
You die...

#..##... #..)#... ############
#...)... #..........# #..##.).
# #..........# #..##... #.
#..........# #..##...
>###.#####..........# #..#####
............5g......####..#####
.......†...w.g@..((.)>.........
#........#..÷.......###########
#........#..........#
#........#..........#
#........############
#........# #........#
#........# ##########


You could see a dart slug, 2 hobgoblins and a friendly crimson imp.

Vanquished Creatures
  2 leopard geckos (D:1)
  A giant cockroach (D:1)
  2 goblins (D:1)
  A hobgoblin (D:1)
  2 kobolds (D:1)
  A rat (D:1)
9 creatures vanquished.

Notes
Turn   | Place    | Note
-------+----------+-------------------------------------------
     0 | D:1      | mortelune the Naga Wizard began the quest for the Orb.
     0 | D:1      | Reached XP level 1. HP: 15/15 MP: 4/4
   196 | D:1      | Reached XP level 2. HP: 24/24 MP: 1/6
   200 | D:1      | Learned a level 2 spell: Call Imp
   463 | D:1      | Slain by a hobgoblin

Levels and vault maps discovered:
D:1:      minmay_arrival_arboretum_large, layout_rooms

Action                   || total
-------------------------++-------
Melee: Unarmed           ||     3
 Cast: Magic Dart        ||    23
       Call Imp          ||     1
 Abil: Spit Poison       ||     1
Armor: Robe              ||     1
Dodge: Dodged            ||     3
